 Dungeon Crawl Stone Soup version 0.17.1-1-g73c8601 (webtiles) character file.

536 Implojin the Ruffian (level 7, -4/66 HPs)
             Began as a Troll Fighter on Apr 8, 2016.
             Killed from afar by an orc wizard (7 damage)
             ... with a magic dart
             ... on level 7 of the Dungeon.
             The game lasted 00:04:18 (643 turns).

Implojin the Ruffian (Troll Fighter)                 Turns: 643, Time: 00:04:18

Health: -4/66      AC:  6    Str: 25    XL:     7   Next: 4%
Magic:  15/15      EV:  8    Int:  4    God:
Gold:   14         SH:  9    Dex: 11    Spells: 0 memorised, 6 levels left

rFire  . . .     SeeInvis .       - Unarmed
rCold  . . .     Clarity  .     a - +0 robe
rNeg   . . .     SustAt   .     b - +0 shield
rPois  .         Gourm    +     n - +1 hat
rElec  .         Spirit   .     (no cloak)
rCorr  .         Warding  .     (gloves unavailable)
rMut   .         Stasis   .     (boots unavailable)
MR     .....                    (no amulet)
Stlth  ++........               o - ring of magical power
                                h - ring of stealth

@: flying, not resistant to hostile enchantments, unstealthy
A: unfitting armour, claws 3, fast metabolism 3, gourmand, regeneration 2,
shaggy fur 1, tough skin 2
a: no special abilities


You were on level 7 of the Dungeon.
You were full.

You visited 1 branch of the dungeon, and saw 7 of its levels.

You collected 14 gold pieces.

Inventory:

Missiles
 m - 3 tomahawks (quivered)
Armour
 a - a +0 robe (worn)
 b - a +0 shield (worn)
 n - a +1 hat (worn)
Jewellery
 h - a ring of stealth (left claw)
 o - a ring of magical power (right claw)
Scrolls
 e - 4 scrolls of identify {unknown}
 g - a scroll of random uselessness {unknown}
 j - a scroll of noise {unknown}
 k - a scroll of enchant armour {unknown}
 l - a scroll of enchant weapon {unknown}
Potions
 f - a potion of curing
 i - a potion of agility {unknown}
 q - a potion of flight
Comestibles
 c - a beef jerky
 d - 4 bread rations
 p - a meat ration


   Skills:
 - Level 2.4 Fighting
 - Level 2.4 Dodging
 - Level 2.4 Shields
 * Level 7.7 Unarmed Combat


You had 6 spell levels left.
You didn't know any spells.

Dungeon Overview and Level Annotations

Branches:
Dungeon (7/15)
 Temple: D:4-7

Altars:
Vehumet
Zin


Innate Abilities, Weirdness & Mutations

You are too large for most types of armour.
You have claws for hands.
Your metabolism is lightning-fast.
You like to eat raw meat.
You heal very quickly.
You are covered in fur (AC +1).
You have very tough skin (AC +2).


Message History

The orc wizard casts a cantrip, but nothing happens.
The ice beast hits you.
* * * LOW HITPOINT WARNING * * *
The ice beast freezes you!
* * * LOW HITPOINT WARNING * * *
Your shield prevents you from hitting the ice beast.
The ice beast is almost dead.
The ice beast hits you but does no damage.
You scratch the ice beast but do no damage.
The ice beast is almost dead.
The ice beast hits you.
* * * LOW HITPOINT WARNING * * *
The ice beast freezes you.
* * * LOW HITPOINT WARNING * * *
You claw the ice beast!
You kill the ice beast!
You have reached level 7!
Drink which item? (? for menu, Esc to quit)
It was a potion of curing.
You feel better. You block the orc's attack.
The orc wizard mumbles some strange words.
The orc wizard flickers and vanishes!
Deactivating autopickup; reactivate with Ctrl-A.
You closely miss the orc. The orc hits you with a whip.
* * * LOW HITPOINT WARNING * * *
Drink which item? (? for menu, Esc to quit)
It was a potion of flight.
You feel very buoyant.
You fly up into the air.
You block the orc's attack.
You claw the orc!
You kill the orc!
You hear some strange, mumbled words.
A puff of flame appears from out of thin air!
The puff of flame hits you!
* * * LOW HITPOINT WARNING * * *
You miss something. Something hits you but does no damage.
You miss something.
You hear some strange, mumbled words.
A magic dart appears from out of thin air!
The magic dart hits you!
You die...

#... ###....
.......# #.#....#
##...#..# .. ...
...# .. #.# #..##.#
#@# #.....#
#.###)###$.#..##
#.###oz.z......##
#.###'###h.#.#..##
#.# #........##.
#.###..##.........
........z..........
#.#..#.....#...#...
.......###.# .$..#


You could see a wight and an orc.

Vanquished Creatures
  A black bear (D:6)
  2 ice beasts (D:7)
  3 wights (D:7)
  4 gnolls
  2 adders
  An ooze (D:2)
  2 giant geckos
  10 orcs
  A bat (D:2)
  3 giant cockroaches
  5 hobgoblins
  6 jackals
  2 ball pythons
  2 giant newts
  2 kobolds (D:1)
  5 rats (D:1)
51 creatures vanquished.

Notes
Turn   | Place    | Note
--------------------------------------------------------------
     0 | D:1      | Implojin the Troll Fighter began the quest for the Orb.
     0 | D:1      | Reached XP level 1. HP: 22/22 MP: 0/0
    89 | D:1      | Reached XP level 2. HP: 29/29 MP: 1/1
   131 | D:1      | Reached skill level 3 in Unarmed Combat
   197 | D:2      | Found a faded altar to an unknown god.
   208 | D:2      | Reached XP level 3. HP: 36/36 MP: 2/2
   312 | D:3      | Reached skill level 4 in Unarmed Combat
   367 | D:4      | Reached XP level 4. HP: 35/44 MP: 3/3
   415 | D:5      | Entered Level 5 of the Dungeon
   490 | D:6      | Found a glowing silver altar of Zin.
   530 | D:6      | Noticed a black bear
   537 | D:6      | Killed a black bear
   537 | D:6      | Reached skill level 5 in Unarmed Combat
   537 | D:6      | Reached XP level 5. HP: 45/50 MP: 4/4
   590 | D:7      | Noticed an ice beast
   593 | D:7      | Noticed an ice beast
   605 | D:7      | Killed an ice beast
   605 | D:7      | Reached skill level 6 in Unarmed Combat
   605 | D:7      | Reached XP level 6. HP: 59/59 MP: 5/5
   613 | D:7      | Found a radiant altar of Vehumet.
   615 | D:7      | Reached skill level 7 in Unarmed Combat
   637 | D:7      | Killed an ice beast
   637 | D:7      | Reached XP level 7. HP: 8/66 MP: 6/6
   641 | D:7      | HP: 2/66 [something/puff of flame (10)]
   643 | D:7      | Killed from afar by an orc wizard

Action                   |  1- 3 |  4- 6 |  7- 9 || total
-------------------------+-------+-------+-------++-------
Melee: Unarmed           |    90 |    57 |     4 ||   151
Throw: Tomahawk          |       |     2 |       ||     2
  Use: Potion            |       |     1 |     2 ||     3
 Stab: Sleeping          |     3 |     1 |       ||     4
  Eat: Chunk             |     4 |     4 |       ||     8

Table legend:
 A = Turns spent in this place as a percentage of turns spent in the entire game.
 B = Non-inter-level travel turns spent in this place as a percentage of non-inter-level travel turns spent in the entire game.
 C = Inter-level travel turns spent in this place as a percentage of turns spent in this place.
 D = Turns resting spent in this place as a percentage of non-inter-level travel turns spent in this place.
 E = Turns spent auto-exploring this place as a percentage of non-inter-level travel turns spent in this place.
 F = Non-inter-level travel turns spent in this place divided by the number of levels of this place that you've seen.
                   A       B       C       D       E      F
               +-------+-------+-------+-------+-------+----------------------
         Total | 100.0 | 100.0 |   0.0 |   0.0 |   0.0 |  89.7
       Dungeon | 100.0 | 100.0 |   0.0 |   0.0 |   0.0 |  89.7
               +-------+-------+-------+-------+-------+----------------------

Table legend:
 A = Kills in this place as a percentage of kills in entire the game.
 B = Kills by you in this place as a percentage of kills by you in the entire game.
 C = Kills by friends in this place as a percentage of kills by friends in the entire game.
 D = Other kills in this place as a percentage of other kills in the entire game.
 E = Experience gained in this place as a percentage of experience gained in the entire game.
 F = Experience gained in this place divided by the number of levels of this place that you have seen.
                   A       B       C       D       E      F
               +-------+-------+-------+-------+-------+----------------------
         Total | 100.0 | 100.0 |  -nan |  -nan | 100.0 | 109.4
       Dungeon | 100.0 | 100.0 |  -nan |  -nan | 100.0 | 109.4
               +-------+-------+-------+-------+-------+----------------------
